 Dungeon Crawl Stone Soup version 0.24-a0-333-g864f2b5 (webtiles) character file.

Game seed: 12817080629472051638

116 mhoghedin the Grave Robber (level 4, -3/30 HPs)
             Began as a Mummy Necromancer on May 17, 2019.
             Splashed by an orc's acid (13 damage)
             ... on level 3 of the Dungeon.
             The game lasted 00:05:57 (2074 turns).

mhoghedin the Grave Robber (Mummy Necromancer)      Turns: 2074, Time: 00:05:58

Health: -3/30      AC:  3    Str: 11    XL:     4   Next: 70%
Magic:  8/9        EV: 12    Int: 15    God:
Gold:   180        SH:  0    Dex: 12    Spells: 1/10 levels left

rFire    x . .     SeeInvis .   b - +2 dagger (drain)
rCold    + . .     Gourm    .   (no shield)
rNeg     + + +     Faith    .   a - +1 robe
rPois    ∞         Spirit   .   (no helmet)
rElec    .         Reflect  .   (no cloak)
rCorr    .         Harm     .   (no gloves)
MR       .....                  (no boots)
Stlth    ++........             (no amulet)
HPRegen  0.10/turn              (no ring)
MPRegen  0.11/turn              (no ring)

@: no status effects
A: no food or potions, fire vulnerability, cold resistance 1, negative energy
resistance 3, torment resistance, unbreathing
a: no special abilities


You were on level 3 of the Dungeon.
You were not hungry.

You visited 1 branch of the dungeon, and saw 3 of its levels.

You collected 180 gold pieces.

Inventory:

Hand Weapons
 b - a +2 dagger of draining (weapon)
   (You took it off an orc on level 3 of the Dungeon)
Missiles
 e - 2 boomerangs (quivered)
 i - 8 javelins
Armour
 a - a +1 robe (worn)
Scrolls
 d - a scroll of remove curse
 h - 3 scrolls of enchant armour


   Skills:
 - Level 1.9 Dodging
 - Level 1.9 Stealth
 - Level 3.9 Spellcasting
 + Level 5.3 Necromancy


You had one spell level left.
You knew the following spells:

 Your Spells              Type           Power        Failure   Level  Hunger
a - Pain                  Necr           ###.         1%          1    N/A
b - Animate Dead          Necr           N/A          21%         4    N/A
x - Vampiric Draining     Necr           ###.......   6%          3    N/A
A - Animate Skeleton      Necr           N/A          1%          1    N/A

Your spell library contained the following spells:

 Spells                   Type           Power        Failure   Level  Hunger
 Regeneration             Chrm/Necr      Unusable     N/A         3    N/A

Dungeon Overview and Level Annotations

Branches:
Dungeon (3/15)

Altars:
Uskayaw
Yredelemnul


Innate Abilities, Weirdness & Mutations

You do not eat or drink.
Your flesh is vulnerable to fire.
You are immune to poison.
Your flesh is cold resistant. (rC+)
You are immune to negative energy. (rN+++)
You are immune to unholy pain and torment.
You can survive without breathing.


Message History

Anything else - Cancel.
You shout for attention!
You hear a shout! x2
An orc comes into view. It is wielding a +0 mace.
Aim: an orc, wielding a +0 hand axe and wearing a +0 leather armour (chance to defeat MR: 89%)
The orc writhes in agony.
You now have 7/9 mp.
Aim: an orc, wielding a +0 hand axe and wearing a +0 leather armour (almost dead, chance to defeat MR: 89%)
The orc writhes in agony.
You kill the orc!
You now have 6/9 mp.
Aim: an orc, wielding a +2 dagger of draining (chance to defeat MR: 89%)
The orc writhes in agony.
You now have 5/9 mp.
Aim: an orc, wielding a +2 dagger of draining (heavily wounded, chance to defeat MR: 89%)
The orc writhes in agony.
The orc barely misses you.
Aim: an orc, wielding a +2 dagger of draining (severely wounded, chance to defeat MR: 89%)
The orc writhes in agony!
You kill the orc!
You now have 4/9 mp.
Aim: an orc, wearing a cursed +0 leather armour (chance to defeat MR: 89%)
The orc writhes in agony.
The orc barely misses you.
You now have 3/9 mp.
Aim: an orc, wearing a cursed +0 leather armour (severely wounded, chance to defeat MR: 89%)
The orc barely resists.
The orc hits you.
You take 4 damage, and have 26/30 hp.
You now have 2/9 mp.
Aim: an orc, wearing a cursed +0 leather armour (severely wounded, chance to defeat MR: 89%)
The orc writhes in agony.
The orc completely misses you.
You now have 1/9 mp.
Aim: an orc, wearing a cursed +0 leather armour (almost dead, chance to defeat MR: 89%)
The orc writhes in agony.
You kill the orc!
You now have 0/9 mp.
You don't have enough magic to cast that spell.
You hit the orc. The orc barely misses you.
You closely miss the orc. The orc hits you with a +0 mace.
You take 2 damage, and have 24/30 hp.
You hit the orc but do no damage. The orc barely misses you.
You barely miss the orc. You hit the orc. The orc completely misses you.
You hit the orc. The orc closely misses you.
You hit the orc but do no damage. The orc barely misses you.
You hit the orc but do no damage. The orc hits you with a +0 mace.
You take 3 damage, and have 22/30 hp.
You closely miss the orc.
A worm comes into view.
The orc closely misses you.
You completely miss the orc. You hit the orc.
You kill the orc!
Items here: $ ))) [[ † You close the door.
You start resting.
Health restored: 30; MP restored: 9 You now have 180 gold pieces (gained 27).
Items here: ))) [[ † a +0 mace; a cursed +0 leather armour; a +2 dagger of draining; a +0 hand axe a +0 leather armour; an orc corpse
b - a +2 dagger of draining You sense an unholy aura.
b - a +2 dagger of draining (weapon)
You drop a +0 club.
You drop a +0 dagger.
As you open the door, it creaks loudly!
Aim: a worm (chance to defeat MR: 84%)
The worm writhes in agony.
You now have 8/9 mp.
Aim: a worm (moderately wounded, chance to defeat MR: 84%)
The worm writhes in agony.
You now have 7/9 mp.
You hit the worm. You drain the worm. The worm closely misses you.
You hit the worm. You hit the worm. You drain the worm.
The worm closely misses you.
You barely miss the worm. The worm barely misses you.
You hit the worm. You hit the worm.
You kill the worm!
There is an open door here.
A quokka comes into view.
MP restored: 9 Unknown command.
Aim: a quokka (hasn't noticed you, chance to defeat MR: 89%)
The quokka writhes in agony.
The quokka bites you.
Aim: a quokka (almost dead, chance to defeat MR: 89%)
The quokka writhes in agony.
You kill the quokka!
You take 3 damage, and have 27/30 hp.
You now have 7/9 mp.
No target in view!
There is an open door here.
An orc comes into view. It is carrying a wand of acid (9).
An orc is nearby!
An orc is nearby!
The orc shouts!
You barely miss the orc. The orc hits you.
You take 2 damage, and have 26/30 hp.
You hit the orc.
The orc zaps a wand.
The bolt of acid hits you!
Ouch! That really hurt!
You are splashed with acid!
You die...

#..†....###.
#####'####.#
#......# .# #####
##......###.#
.....
.............#
#######
###......##......
....... #......#
.###. #######
#......# #
#.....@#
....##o## .... #.
... #. .. #. #.
.. ##


You could see an orc.

Vanquished Creatures
  5 adders
  4 worms
  5 orcs (D:3)
  A ball python (D:2)
  5 bats
  A giant cockroach (D:1)
  7 goblins
  8 hobgoblins
  2 kobolds
  4 quokkas
  5 frilled lizards
  5 rats
52 creatures vanquished.

Vanquished Creatures (collateral kills)
  A dart slug (D:1)
  A bat (D:1)
2 creatures vanquished.

Grand Total: 54 creatures vanquished

Notes
Turn   | Place    | Note
-------+----------+-------------------------------------------
     0 | D:1      | mhoghedin the Mummy Necromancer began the quest for the
                  | Orb.
     0 | D:1      | Reached XP level 1. HP: 13/13 MP: 4/4
   119 | D:1      | Reached XP level 2. HP: 19/19 MP: 1/5
   179 | D:1      | Reached skill level 3 in Spellcasting
   281 | D:1      | Learned a level 1 spell: Animate Skeleton
   628 | D:1      | Reached XP level 3. HP: 17/24 MP: 2/7
   770 | D:1      | Found a basalt altar of Yredelemnul.
   872 | D:2      | Learned a level 3 spell: Vampiric Draining
   943 | D:2      | Found a hide-covered altar of Uskayaw.
  1147 | D:2      | Reached XP level 4. HP: 26/30 MP: 1/9
  1153 | D:2      | Learned a level 4 spell: Animate Dead
  1795 | D:3      | Reached skill level 5 in Necromancy
  2074 | D:3      | Splashed by an orc's acid

Levels and vault maps discovered:
D:1:      dpeg_arrival_lava_altar, layout_rooms
D:2:      layout_basic, eat_drink_and_be_merry_uskayaw
D:3:      layout_basic, nicolae_overflow_crystal_walls, zin_scriptorium,
          gammafunk_temple_overflow_statue, first_ration

Skill      XL: |  1  2  3  4 |
---------------+-------------+-----
Spellcasting   | 3 |  3.9
Necromancy     | 5 |  5.3
Dodging        | |  1.9
Stealth        | |  1.9

Action                   |  1- 3 |  4- 6 || total
-------------------------+-------+-------++-------
Melee: Club              |    18 |       ||    18
       Dagger            |    27 |    57 ||    84
 Cast: Pain              |    62 |    40 ||   102
       Animate Skeleton  |    11 |       ||    11
       Vampiric Draining |       |     3 ||     3
  Use: Scroll            |     4 |     3 ||     7
Armor: Robe              |    19 |     8 ||    27
Dodge: Dodged            |    38 |    54 ||    92

Table legend:
 A = Non-vault XP
 B = Vault XP
 C = Vault XP percentage of total XP
 D = Non-vault monster count
 E = Vault monster count
 F = Vault count percentage of total count
                 A         B        C        D         E       F
            +---------+---------+-------+---------+---------+-------
      Total |     167 |       0 |   0.0 |      54 |       0 |   0.0
            +---------+---------+-------+---------+---------+-------
        D:1 |      42 |       0 |   0.0 |      22 |       0 |   0.0
        D:2 |      74 |       0 |   0.0 |      21 |       0 |   0.0
        D:3 |      51 |       0 |   0.0 |      11 |       0 |   0.0
            +---------+---------+-------+---------+---------+-------

Levels and vault maps discovered:
D:1:      dpeg_arrival_lava_altar, layout_rooms
D:2:      layout_basic, eat_drink_and_be_merry_uskayaw
D:3:      layout_basic, nicolae_overflow_crystal_walls, zin_scriptorium,
          gammafunk_temple_overflow_statue, first_ration

Table legend:
 A = Turns spent in this place as a percentage of turns spent in the entire game.
 B = Non-inter-level travel turns spent in this place as a percentage of non-inter-level travel turns spent in the entire game.
 C = Inter-level travel turns spent in this place as a percentage of turns spent in this place.
 D = Turns resting spent in this place as a percentage of non-inter-level travel turns spent in this place.
 E = Turns spent auto-exploring this place as a percentage of non-inter-level travel turns spent in this place.
 F = Non-inter-level travel turns spent in this place divided by the number of levels of this place that you've seen.
                   A       B       C       D       E      F
               +-------+-------+-------+-------+-------+----------------------
         Total | 100.0 | 100.0 |   1.8 |  28.1 |  41.8 | 679.0
       Dungeon | 100.0 | 100.0 |   1.8 |  28.1 |  41.8 | 679.0
               +-------+-------+-------+-------+-------+----------------------

Table legend:
 A = Kills in this place as a percentage of kills in entire the game.
 B = Kills by you in this place as a percentage of kills by you in the entire game.
 C = Kills by friends in this place as a percentage of kills by friends in the entire game.
 D = Other kills in this place as a percentage of other kills in the entire game.
 E = Experience gained in this place as a percentage of experience gained in the entire game.
 F = Experience gained in this place divided by the number of levels of this place that you have seen.
                   A       B       C       D       E      F
               +-------+-------+-------+-------+-------+----------------------
         Total | 100.0 | 100.0 | 100.0 |   N/A | 100.0 |  55.7
       Dungeon | 100.0 | 100.0 | 100.0 |   N/A | 100.0 |  55.7
               +-------+-------+-------+-------+-------+----------------------
